 Dungeon Crawl Stone Soup version 0.28.0-43-g3370ac3207 (webtiles) character file.

Game seed: 3873196809568739990

11 mortz the Digger (level 2, 22/22 HPs)
             Began as a Deep Dwarf Earth Elementalist on Mar 23, 2022.
             Quit the game on level 1 of the Dungeon.
             The game lasted 00:04:17 (297 turns).

mortz the Digger (Deep Dwarf Earth Elementalist)     Turns: 297, Time: 00:04:18

Health: 22/22      AC:  2    Str: 11    XL:     2   Next: 13%
Magic:  4/4        EV: 12    Int: 15    God:
Gold:   0          SH:  0    Dex: 13    Spells: 3/4 levels left

rFire   . . .      SeeInvis .   (no weapon)
rCold   . . .      Faith    .   (no shield)
rNeg    . . .      Spirit   .   b - +0 robe
rPois   .          Reflect  .   (no helmet)
rElec   .          Harm     .   (no cloak)
rCorr   .          Rampage  .   (no gloves)
Will    .....                   (no boots)
Stlth   ++........              (no amulet)
HPRegen 0.00/turn               (no ring)
MPRegen 0.09/turn               (no ring)

@: no status effects
A: damage resistance, heal wounds, sense surroundings 1, no regeneration
a: Heal Wounds


You were on level 1 of the Dungeon.
You visited 1 branch of the dungeon, and saw 1 of its levels.


Innate Abilities, Weirdness & Mutations

You are resistant to damage.
You can heal yourself by infusing magical energy.
You passively map a small area around you.
You do not regenerate.


   Skills:
 + Level 2.5 Dodging
 + Level 2.4 Stealth
 + Level 1.8 Spellcasting
 + Level 0.8 Transmutations
 + Level 4.5 Earth Magic


You had 3 spell levels left.
You knew the following spells:

 Your Spells              Type           Power      Damage    Failure   Level
a - Sandblast             Erth           30%        2d9       3%          1

Your spell library contained the following spells:

 Spells                   Type           Power      Damage    Failure   Level
 Passwall                 Tmut/Erth      7%         N/A       12%         2
 Stone Arrow              Conj/Erth      16%        3d8       26%         3
 Petrify                  Tmut/Erth      9%         N/A       58%         4

Inventory:

Hand Weapons
 e - a +0 club {mace}
   (You took it off a kobold on level 1 of the Dungeon)
 f - a +0 dagger {short}
   (You took it off a kobold on level 1 of the Dungeon)
Missiles
 c - 26 stones {throwing}
Armour
 b - a +0 robe (worn)
Scrolls
 a - a scroll of noise {unknown}
Potions
 d - a potion of heal wounds {unknown}
 g - 2 potions of attraction {unknown}

Dungeon Overview and Level Annotations

Branches:
Dungeon (1/15)

Altars:

#................##....
########.........##.##.
*,
,.......................
*
*########............#..
,
*########..........###.#
.......#......รท........
#######.โ€
#######+#.##### *
,..........# #.#...... *
, .......@..# #.#.#####
* ........#.# #...#....
, ........#..# ###.##.#
* ........#..# #......##
, ........#..#
*#.#.##.'. ........#$..
#.#.##### ........#,,##*
#.#.# # * ###.#####
..#.# # , ###.# #


There were no monsters in sight!


Message History

The kobold shouts! x2
You hit the ball python.
The ball python bites you but does no damage.
The ball python constricts you.
You hit the ball python.
You kill the ball python!
The bat closely misses you. The bat hits you but does no damage.
The bat barely misses you.
You hit the bat. The bat barely misses you. The bat misses you.
You hit the bat but do no damage. The bat barely misses you.
The bat misses you. The bat closely misses you.
You hit the bat but do no damage. The bat barely misses you.
The kobold throws a stone.
The stone hits you.
You barely miss the hobgoblin. The hobgoblin hits you.
You hit the hobgoblin. The hobgoblin closely misses you.
You hit the hobgoblin. The hobgoblin hits you. ๐Ÿ˜• HP[-1]
You take 1 damage, and now have 14/15 hp.
You hit the hobgoblin. The hobgoblin barely misses you.
You barely miss the hobgoblin. The hobgoblin misses you.
You hit the hobgoblin.
You kill the hobgoblin!
The bat hits you but does no damage. The bat hits you.
You barely miss the kobold. The kobold barely misses you.
You hit the kobold.
The kobold hits you with a +0 dagger. ๐Ÿ˜• HP[-2]
You take 2 damage, and now have 12/15 hp.
You hit the kobold. The kobold misses you.
You hit the kobold.
You kill the kobold!
The bat hits you. The bat closely misses you.
You have reached level 2! ๐Ÿ˜• HP[+5] MP[+1]
You now have 22 max hp (+7).
You regained 5 hp, and now have 17/22 hp.
Your mp is fully restored (4).
You miss the bat. Your punch misses the bat. The bat barely misses you.
The bat hits you but does no damage. The bat closely misses you.
You hit the bat. The bat hits you.
You closely miss the kobold.
The kobold hits you with a +0 club. ๐Ÿ˜ฎ HP[-1]
You take 1 damage, and now have 16/22 hp.
You barely miss the kobold. The kobold barely misses you.
You barely miss the kobold. The kobold misses you.
You barely miss the kobold. The kobold hits you but does no damage.
You hit the kobold but do no damage. The kobold closely misses you.
You closely miss the kobold. The kobold completely misses you.
You hit the kobold.
The kobold hits you with a +0 club. ๐Ÿ˜ฎ HP[-2]
You take 2 damage, and now have 14/22 hp.
You closely miss the kobold. The kobold hits you with a +0 club.
* * * LOW HITPOINT WARNING * * *
๐Ÿ˜จ HP[-3]
You take 3 damage, and now have 11/22 hp.
You closely miss the kobold. The kobold hits you with a +0 club.
* * * LOW HITPOINT WARNING * * *
๐Ÿ˜จ HP[-3]
You take 3 damage, and now have 8/22 hp.
You hit the kobold. The kobold closely misses you.
Casting: Sandblast (safe; 3% risk of failure)
Confirm with . or Enter, or press ? or * to list all spells.
Aiming: Sandblast (safe; 3% risk of failure)
Press: ? - help, Shift-Dir - straight line, f - kobold
Aim: a kobold, wielding a +0 club (severely wounded, 74% to hit)
The blast of sand hits the kobold.
You kill the kobold!
The bat hits you. ๐Ÿ˜จ MP[-1]
You lost 1 mp, and now have 3/4 mp.
Casting: Sandblast (safe; 3% risk of failure)
Confirm with . or Enter, or press ? or * to list all spells.
Aiming: Sandblast (safe; 3% risk of failure)
Press: ? - help, Shift-Dir - straight line, f - bat
Aim: a bat (heavily wounded, 69% to hit)
The blast of sand misses the bat.
The bat closely misses you. ๐Ÿ˜จ MP[-1]
You lost 1 mp, and now have 2/4 mp.
Casting: Sandblast (safe; 3% risk of failure)
Confirm with . or Enter, or press ? or * to list all spells.
Aiming: Sandblast (safe; 3% risk of failure)
Press: ? - help, Shift-Dir - straight line, f/p - bat
Aim: a bat (heavily wounded, 69% to hit)
The blast of sand hits the bat!
You kill the bat! ๐Ÿ˜จ MP[-1]
You lost 1 mp, and now have 1/4 mp.
e - a +0 club {mace};
f - a +0 dagger {short}
c - 26 stones {throwing} (gained 5)
Things that are here:
a kobold corpse; a hobgoblin corpse; a ball python corpse ๐Ÿ˜จ MP[+3]
Your mp is fully restored (4).
You fail to use your ability.
You feel much better. ๐Ÿ˜Ž HP[+14]
Your hp is fully restored (22).
g - 2 lumpy black potions
Okay, then.
Are you sure you want to abandon this character and quit the game? (Confirm with "yes".)

Action                   || total
-------------------------++-------
Melee: Unarmed           ||    32
 Cast: Sandblast         ||     9
 Abil: Heal Wounds       ||     1
Armor: Robe              ||     7
Dodge: Dodged            ||    31

Levels and vault maps discovered:
D:1:      amcnicky_arrival_choice, layout_basic

Notes
Turn   | Place    | Note
-------+----------+-------------------------------------------
     0 | D:1      | mortz the Deep Dwarf Earth Elementalist began the quest for
                  | the Orb.
     0 | D:1      | Reached XP level 1. HP: 15/15 MP: 3/3
     0 | D:1      | magus.rc [v1.9.6]
   244 | D:1      | Reached XP level 2. HP: 17/22 MP: 4/4
   297 | D:1      | Quit the game

Vanquished Creatures
  2 ball pythons (D:1)
  A giant cockroach (D:1)
  2 hobgoblins (D:1)
  2 kobolds (D:1)
  3 bats (D:1)
10 creatures vanquished.

Table legend:
 A = Non-vault XP
 B = Vault XP
 C = Vault XP percentage of total XP
 D = Non-vault monster count
 E = Vault monster count
 F = Vault count percentage of total count
                 A         B        C        D         E       F
            +---------+---------+-------+---------+---------+-------
      Total |      16 |       0 |   0.0 |      10 |       0 |   0.0
            +---------+---------+-------+---------+---------+-------
        D:1 |      16 |       0 |   0.0 |      10 |       0 |   0.0
            +---------+---------+-------+---------+---------+-------

Illustrated notes

Table legend:
 A = Kills in this place as a percentage of kills in entire the game.
 B = Kills by you in this place as a percentage of kills by you in the entire game.
 C = Kills by friends in this place as a percentage of kills by friends in the entire game.
 D = Other kills in this place as a percentage of other kills in the entire game.
 E = Experience gained in this place as a percentage of experience gained in the entire game.
 F = Experience gained in this place divided by the number of levels of this place that you have seen.
                   A       B       C       D       E      F
               +-------+-------+-------+-------+-------+----------------------
         Total | 100.0 | 100.0 |   N/A |   N/A | 100.0 |  16.0
       Dungeon | 100.0 | 100.0 |   N/A |   N/A | 100.0 |  16.0
               +-------+-------+-------+-------+-------+----------------------

Table legend: (Time is in decaauts)
 A = Elapsed time spent in this place.
 B = Non-inter-level travel time spent in this place.
 C = Inter-level travel time spent in this place.
 D = Time resting spent in this place.
 E = Time spent auto-exploring this place.
 F = Levels seen in this place.
 G = Mean time per level.
                   A        B        C        D        E       F      G
               +--------+--------+--------+--------+--------+-----+--------+
         Total |    297 |    297 |      0 |      0 |    222 |   1 |  297.0 |
       Dungeon |    297 |    297 |      0 |      0 |    222 |   1 |  297.0 |
               +--------+--------+--------+--------+--------+-----+--------+

Top non-repeatable levels by time:
     D:1: 297 daAuts
